TOP OF THE 1ST |
Springfield Stars batting - Pitching for St Charles Sheens : RHP Bill Hines
|
Pitching: RHP Bill Hines
|
|
Batting: RHB Norberto Taváres
|
0-0: Ball 1-0: Foul Ball, location: 2F 1-1: Foul Ball, location: 2F 1-2: Fly out, F9 (Flyball, 9LS)
|
Batting: RHB Calvin Bennett
|
0-0: Called Strike 0-1: Ball 1-1: Called Strike 1-2: Ball 2-2: Ball 3-2: Foul Ball, location: 2F 3-2: Ground out 6-3 (Groundball, 6)
|
Batting: RHB Juan Carlos Rodríguez
|
0-0: Ball 1-0: Foul Ball, location: 2F 1-1: Called Strike 1-2: Fly out, F4 (Popup, 4)
|
Top of the 1st over - 0 run(s), 0 hit(s), 0 error(s), 0 left on base; Springfield 0 - St Charles 0 |
BOTTOM OF THE 1ST |
St Charles Sheens batting - Pitching for Springfield Stars : LHP José López
|
Pitching: LHP José López
|
|
Batting: RHB Jesús Hernández
|
0-0: Ball 1-0: Swinging Strike 1-1: Ball 2-1: Called Strike 2-2: Ball 3-2: Foul Ball, location: 2F Error on foul ball, E9 3-2: SINGLE (Groundball, 5) (infield hit)
|
Batting: RHB Júlio Figueroa
|
0-0: Ball 1-0: Ground out 5-3 (Groundball, 56S) Jesús Hernández to second
|
Batting: RHB Dan Tyler
|
0-0: Called Strike 0-1: Ground out 6-3 (Groundball, 6)
|
Batting: LHB Stan Bates
|
0-0: Called Strike 0-1: Ball 1-1: Called Strike 1-2: Ball 2-2: Ball 3-2: Foul Ball, location: 2F 3-2: Foul Ball, location: 2F 3-2: Foul Ball, location: 2F 3-2: Ground out 4-3 (Groundball, 34)
|
Bottom of the 1st over - 0 run(s), 1 hit(s), 1 error(s), 1 left on base; Springfield 0 - St Charles 0 |
TOP OF THE 2ND |
Springfield Stars batting - Pitching for St Charles Sheens : RHP Bill Hines
|
Batting: LHB Felipe Guerrero
|
0-0: Ball 1-0: Ball 2-0: Foul Ball, location: 2F 2-1: Foul Ball, location: 2F 2-2: Ball 3-2: Strikes out swinging
|
Batting: LHB Elliott Newell
|
0-0: Ball 1-0: Called Strike 1-1: Ball 2-1: Ball 3-1: Foul Ball, location: 2F 3-2: Base on Balls
|
Batting: SHB Shane Hutchinson
|
0-0: Ball 1-0: Ball 2-0: Ball 3-0: Base on Balls Elliott Newell to second
|
Batting: LHB Jesús Tobías
|
0-0: Ball 1-0: Ball 2-0: Ball 3-0: Base on Balls Elliott Newell to third Shane Hutchinson to second
|
Batting: LHB Ryan Drake
|
0-0: GRAND SLAM HOME RUN (Flyball, 9LD), Distance : 360 ft
|
Batting: RHB Will Sterling
|
0-0: Ball 1-0: Swinging Strike 1-1: Ground out 6-3 (Groundball, 6)
|
Batting: RHB Norberto Taváres
|
0-0: Ball 1-0: Called Strike 1-1: Ball 2-1: Ball 3-1: Base on Balls
|
Batting: RHB Calvin Bennett
|
0-0: Ball 1-0: Foul Ball, location: 2F 1-1: Foul Ball, location: 2F 1-2: SINGLE (Groundball, 4) (infield hit) Norberto Taváres to second
|
Batting: RHB Juan Carlos Rodríguez
|
0-0: Called Strike 0-1: Ball Wild Pitch! Norberto Taváres to third Calvin Bennett to second 1-1: Foul Ball, location: 2F 1-2: Ball 2-2: Foul Ball, location: 2F 2-2: Ball 3-2: Base on Balls
|
Batting: LHB Felipe Guerrero
|
0-0: DOUBLE (Flyball, 78D) Norberto Taváres scores Calvin Bennett scores Juan Carlos Rodríguez to third
|
Batting: LHB Elliott Newell
|
0-0: Foul Ball, location: 2F 0-1: Ball 1-1: Called Strike 1-2: Reached on error, E5 (Groundball, 5S) Juan Carlos Rodríguez scores Felipe Guerrero to third
|
Pitching: RHP Jeff Lynn
|
|
Batting: SHB Shane Hutchinson
|
0-0: Ball 1-0: Ball 2-0: Foul Ball, location: 2F 2-1: Foul Ball, location: 2F 2-2: Ball 3-2: Foul Ball, location: 2F 3-2: Foul Ball, location: 2F 3-2: DOUBLE (Line Drive, 78D) Felipe Guerrero scores Elliott Newell to third Elliott Newell scores
|
Batting: LHB Jesús Tobías
|
0-0: Ball 1-0: Called Strike 1-1: Fly out, F7 (Flyball, 7S)
|
Top of the 2nd over - 9 run(s), 4 hit(s), 1 error(s), 1 left on base; Springfield 9 - St Charles 0 |
TOP OF THE 3RD |
Springfield Stars batting - Pitching for St Charles Sheens : RHP Jeff Lynn
|
Batting: LHB Ryan Drake
|
0-0: Called Strike 0-1: Foul Ball, location: 2F 0-2: Strikes out looking
|
Batting: RHB Will Sterling
|
0-0: Ball 1-0: Called Strike 1-1: Reached on error, E4 (Groundball, 4)
|
Batting: RHB Norberto Taváres
|
0-0: Ball 1-0: Called Strike 1-1: Foul Ball, location: 2F 1-2: Ball 2-2: Ball 3-2: Base on Balls Will Sterling to second
|
Batting: RHB Calvin Bennett
|
0-0: Ball 1-0: Ball 2-0: Ball 3-0: Base on Balls Will Sterling to third Norberto Taváres to second
|
Batting: RHB Juan Carlos Rodríguez
|
0-0: Called Strike 0-1: Ball 1-1: Ball 2-1: Ball 3-1: Swinging Strike 3-2: Fielders Choice at 3rd, U5 (Groundball, 5L) Will Sterling scores Calvin Bennett to second
|
Batting: LHB Felipe Guerrero
|
0-0: Ball 1-0: Ball 2-0: Ball 3-0: Base on Balls Calvin Bennett to third Juan Carlos Rodríguez to second
|
Batting: LHB Elliott Newell
|
0-0: Called Strike 0-1: Ball 1-1: Reached on error, E6 (Groundball, 6) Calvin Bennett scores Juan Carlos Rodríguez to third Felipe Guerrero to second
|
Batting: SHB Shane Hutchinson
|
0-0: Called Strike 0-1: Ball 1-1: Ball 2-1: Swinging Strike 2-2: Ball Wild Pitch! Juan Carlos Rodríguez scores Felipe Guerrero to third Elliott Newell to second 3-2: Base on Balls
|
Batting: LHB Jesús Tobías
|
0-0: Called Strike 0-1: Ball 1-1: Ball 2-1: Fly out, F9 (Flyball, 9S)
|
Top of the 3rd over - 3 run(s), 0 hit(s), 2 error(s), 3 left on base; Springfield 12 - St Charles 2 |
BOTTOM OF THE 3RD |
St Charles Sheens batting - Pitching for Springfield Stars : LHP José López
|
Batting: RHB Júlio Figueroa
|
0-0: Ball 1-0: Foul Ball, location: 2F 1-1: Foul Ball, location: 2F 1-2: Ball 2-2: DOUBLE (Line Drive, 7LS)
|
Batting: RHB Dan Tyler
|
0-0: Called Strike 0-1: Ball 1-1: Ground out U3 (Groundball, 34S) Júlio Figueroa to third
|
Batting: LHB Stan Bates
|
0-0: DOUBLE (Flyball, 78D) Júlio Figueroa scores
|
Batting: RHB Alfredo Hernández
|
0-0: Ground out 5-3 (Groundball, 56)
|
Batting: RHB Miguel Palácios
|
0-0: Ball 1-0: Ball 2-0: Ball 3-0: TRIPLE (Flyball, 9LD) Stan Bates scores
|
Batting: RHB Judson Backstrom
|
0-0: Ball 1-0: Fly out, F8 (Flyball, 8RS)
|
Bottom of the 3rd over - 2 run(s), 3 hit(s), 0 error(s), 1 left on base; Springfield 12 - St Charles 4 |
TOP OF THE 4TH |
Springfield Stars batting - Pitching for St Charles Sheens : RHP Jeff Lynn
|
Batting: LHB Ryan Drake
|
0-0: Ball 1-0: Ball 2-0: Ground out 4-3 (Groundball, 4)
|
Pitching: RHP Pedro Santiago
|
|
Batting: RHB Will Sterling
|
0-0: Ball 1-0: Ground out 6-3 (Groundball, 6M)
|
Batting: RHB Norberto Taváres
|
0-0: Foul Ball, location: 2F 0-1: Ball 1-1: Ball 2-1: Ball 3-1: Foul Ball, location: 2F 3-2: Base on Balls
|
Batting: RHB Calvin Bennett
|
0-0: Ball 1-0: Foul Ball, location: 2F 1-1: Foul Ball, location: 2F 1-2: Ball 2-2: Ball 3-2: Foul Ball, location: 2F 3-2: Foul Ball, location: 2F 3-2: Base on Balls Norberto Taváres to second
|
Batting: RHB Juan Carlos Rodríguez
|
0-0: SINGLE (Flyball, 6MD) Norberto Taváres to third Calvin Bennett to second
|
Batting: LHB Felipe Guerrero
|
0-0: Foul Ball, location: 2F 0-1: Ball 1-1: Fielders Choice at 2nd, 6-4 (Groundball, 56)
|
Top of the 4th over - 0 run(s), 1 hit(s), 0 error(s), 2 left on base; Springfield 12 - St Charles 4 |
BOTTOM OF THE 4TH |
St Charles Sheens batting - Pitching for Springfield Stars : LHP José López
|
Batting: RHB Daniel Robert
|
0-0: Called Strike 0-1: Ball 1-1: Ball 2-1: Foul Ball, location: 2F 2-2: Ball 3-2: Base on Balls
|
Batting: LHB Kyle Harrison
|
0-0: Called Strike 0-1: Called Strike 0-2: Ball 1-2: Foul Ball, location: 2F 1-2: Strikes out swinging
|
Batting: RHB Jesús Hernández
|
0-0: Called Strike 0-1: DOUBLE (Line Drive, 7) Daniel Robert to third Runner from 3rd tries for Home, SAFE, no throw
|
Batting: RHB Júlio Figueroa
|
0-0: Ball 1-0: Foul Ball, location: 2F 1-1: Ball 2-1: Called Strike 2-2: SINGLE (Line Drive, 6D) Jesús Hernández to third
|
Batting: RHB Dan Tyler
|
0-0: Fielders Choice at 2nd, 6-4 (Groundball, 6) Jesús Hernández scores
|
Batting: LHB Stan Bates
|
0-0: Ball 1-0: Ball 2-0: Foul Ball, location: 2F 2-1: Foul Ball, location: 2F 2-2: Ball 3-2: Fly out, F7 (Flyball, 7S)
|
Bottom of the 4th over - 2 run(s), 2 hit(s), 0 error(s), 1 left on base; Springfield 12 - St Charles 6 |
TOP OF THE 5TH |
Springfield Stars batting - Pitching for St Charles Sheens : RHP Pedro Santiago
|
Now at C: Juan Jose Rojas
|
|
Batting: LHB Elliott Newell
|
0-0: Foul Ball, location: 2F 0-1: Ball 1-1: Called Strike 1-2: Ball 2-2: Fly out, F8 (Flyball, 8LD)
|
Batting: SHB Shane Hutchinson
|
0-0: Foul Ball, location: 2F 0-1: Foul Ball, location: 2F 0-2: Ball 1-2: Strikes out looking
|
Batting: LHB Jesús Tobías
|
0-0: Called Strike 0-1: Ball 1-1: Foul Ball, location: 2F 1-2: Foul Ball, location: 2F 1-2: Foul Ball, location: 2F 1-2: SINGLE (Line Drive, 4M)
|
Batting: LHB Ryan Drake
|
0-0: Ball Jesús Tobías is caught stealing 2nd base
|
Top of the 5th over - 0 run(s), 1 hit(s), 0 error(s), 0 left on base; Springfield 12 - St Charles 6 |
BOTTOM OF THE 5TH |
St Charles Sheens batting - Pitching for Springfield Stars : LHP José López
|
Pitching: LHP Jorge Aybar
|
|
Batting: RHB Alfredo Hernández
|
0-0: Foul Ball, location: 2F 0-1: Foul Ball, location: 2F 0-2: Ground out 4-3 (Groundball, 4)
|
Batting: RHB Miguel Palácios
|
0-0: Ground out 5-3 (Groundball, 56S)
|
Batting: RHB Judson Backstrom
|
0-0: Ball 1-0: Fly out, F8 (Flyball, 8RM)
|
Bottom of the 5th over - 0 run(s), 0 hit(s), 0 error(s), 0 left on base; Springfield 12 - St Charles 6 |
TOP OF THE 6TH |
Springfield Stars batting - Pitching for St Charles Sheens : RHP Pedro Santiago
|
Pitching: LHP Paul Adams
|
|
Batting: LHB Ryan Drake
|
0-0: Ball 1-0: Ball 2-0: Called Strike 2-1: Ball 3-1: Foul Ball, location: 2F 3-2: Strikes out swinging
|
Batting: RHB Will Sterling
|
0-0: Swinging Strike 0-1: Ball 1-1: Swinging Strike 1-2: Strikes out swinging
|
Batting: RHB Norberto Taváres
|
0-0: Ball 1-0: Ball 2-0: Ball 3-0: Called Strike 3-1: Foul Ball, location: 2F 3-2: Foul Ball, location: 2F 3-2: Foul Ball, location: 2F 3-2: Base on Balls
|
Batting: RHB Calvin Bennett
|
0-0: Foul Ball, location: 2F 0-1: Foul Ball, location: 2F 0-2: Ball 1-2: SINGLE (Popup, 5S) Norberto Taváres to second
|
Batting: RHB Juan Carlos Rodríguez
|
0-0: Ball 1-0: SINGLE (Line Drive, 7S) Norberto Taváres to third Calvin Bennett to second
|
Batting: LHB Felipe Guerrero
|
0-0: Ball 1-0: Called Strike 1-1: Swinging Strike 1-2: Strikes out swinging
|
Top of the 6th over - 0 run(s), 2 hit(s), 0 error(s), 3 left on base; Springfield 12 - St Charles 6 |
BOTTOM OF THE 6TH |
St Charles Sheens batting - Pitching for Springfield Stars : LHP Jorge Aybar
|
Batting: RHB Daniel Robert
|
0-0: Called Strike 0-1: Ball 1-1: SINGLE (Groundball, 6MD)
|
Batting: LHB Kyle Harrison
|
0-0: Called Strike 0-1: Ball 1-1: Ball 2-1: Fielders Choice at 2nd, 4-6 (Groundball, 34)
|
Batting: RHB Jesús Hernández
|
0-0: Ball 1-0: Called Strike 1-1: Fly out, F4 (Popup, 34D)
|
Batting: LHB Juan Jose Rojas
|
0-0: Called Strike 0-1: Ball 1-1: Ball 2-1: Ball 3-1: Foul Ball, location: 2F 3-2: Foul Ball, location: 2F 3-2: Foul Ball, location: 2F 3-2: Fly out, F7 (Line Drive, 7)
|
Bottom of the 6th over - 0 run(s), 1 hit(s), 0 error(s), 1 left on base; Springfield 12 - St Charles 6 |
TOP OF THE 7TH |
Springfield Stars batting - Pitching for St Charles Sheens : LHP Paul Adams
|
Batting: LHB Elliott Newell
|
0-0: Called Strike 0-1: Ball 1-1: Swinging Strike 1-2: Strikes out swinging
|
Batting: SHB Shane Hutchinson
|
0-0: Ball 1-0: Foul Ball, location: 2F 1-1: Swinging Strike 1-2: Ball 2-2: Strikes out swinging
|
Batting: LHB Jesús Tobías
|
0-0: Called Strike 0-1: Ball 1-1: Ball 2-1: Foul Ball, location: 2F 2-2: SINGLE (Line Drive, 56S)
|
Batting: LHB Ryan Drake
|
0-0: Called Strike 0-1: Ball 1-1: Ball 2-1: Swinging Strike 2-2: Strikes out swinging
|
Top of the 7th over - 0 run(s), 1 hit(s), 0 error(s), 1 left on base; Springfield 12 - St Charles 6 |
BOTTOM OF THE 7TH |
St Charles Sheens batting - Pitching for Springfield Stars : LHP Jorge Aybar
|
Batting: RHB Dan Tyler
|
0-0: Ball 1-0: Foul Ball, location: 2F 1-1: Fly out, F7 (Line Drive, 7)
|
Batting: LHB Stan Bates
|
0-0: Called Strike 0-1: Ball 1-1: Swinging Strike 1-2: Strikes out swinging
|
Batting: RHB Alfredo Hernández
|
0-0: Foul Ball, location: 2F 0-1: Ground out U3 (Groundball, 34)
|
Bottom of the 7th over - 0 run(s), 0 hit(s), 0 error(s), 0 left on base; Springfield 12 - St Charles 6 |
TOP OF THE 8TH |
Springfield Stars batting - Pitching for St Charles Sheens : LHP Paul Adams
|
Batting: RHB Will Sterling
|
0-0: Ball 1-0: SINGLE (Groundball, 6D)
|
Batting: RHB Norberto Taváres
|
0-0: Fly out, F9 (Flyball, 9S)
|
Batting: RHB Calvin Bennett
|
0-0: Swinging Strike 0-1: Ball 1-1: Fly out, F4 (Popup, 4)
|
Batting: RHB Juan Carlos Rodríguez
|
0-0: Ball 1-0: Ball 2-0: Fly out, F5 (Line Drive, 5)
|
Top of the 8th over - 0 run(s), 1 hit(s), 0 error(s), 1 left on base; Springfield 12 - St Charles 6 |
BOTTOM OF THE 8TH |
St Charles Sheens batting - Pitching for Springfield Stars : LHP Jorge Aybar
|
Pitching: LHP Shan Liu
|
|
Now at SS: Dave Henderson
|
|
Batting: RHB Miguel Palácios
|
0-0: Ball 1-0: DOUBLE (Flyball, 7D)
|
Batting: RHB Judson Backstrom
|
0-0: Ball 1-0: Fly out, F6 (Popup, 6MS)
|
Batting: RHB Daniel Robert
|
0-0: Ball 1-0: Called Strike 1-1: Foul Ball, location: 2F 1-2: Ground out 6-3 (Groundball, 6M) Miguel Palácios to third
|
Batting: LHB Kyle Harrison
|
0-0: Ball 1-0: Called Strike 1-1: Ground out 4-3 (Groundball, 4)
|
Bottom of the 8th over - 0 run(s), 1 hit(s), 0 error(s), 1 left on base; Springfield 12 - St Charles 6 |
TOP OF THE 9TH |
Springfield Stars batting - Pitching for St Charles Sheens : LHP Paul Adams
|
Pitching: RHP Álex Villegas
|
|
Batting: LHB Felipe Guerrero
|
0-0: Foul Ball, location: 2F 0-1: Foul Ball, location: 2F 0-2: Foul Ball, location: 2F 0-2: Ball 1-2: Ball 2-2: Foul Ball, location: 2F 2-2: Ball 3-2: Fly out, F9 (Flyball, 9D)
|
Batting: LHB Elliott Newell
|
0-0: Called Strike 0-1: Called Strike 0-2: DOUBLE (Line Drive, 78D)
|
Pitching: RHP Irwin Conway
|
|
Batting: SHB Shane Hutchinson
|
0-0: Called Strike 0-1: Ball 1-1: Ball 2-1: Foul Ball, location: 2F 2-2: Strikes out swinging
|
Batting: LHB Jesús Tobías
|
0-0: Ball 1-0: Foul Ball, location: 2F 1-1: SINGLE (Groundball, 3D) Elliott Newell to third Runner from 3rd tries for Home, SAFE, no throw
|
Batting: LHB Ryan Drake
|
0-0: Called Strike 0-1: Ball 1-1: Ball 2-1: Ball 3-1: Foul Ball, location: 2F 3-2: Foul Ball, location: 2F 3-2: Ground out 1-3 (Groundball, 13S)
|
Top of the 9th over - 1 run(s), 2 hit(s), 0 error(s), 1 left on base; Springfield 13 - St Charles 6 |
BOTTOM OF THE 9TH |
St Charles Sheens batting - Pitching for Springfield Stars : LHP Shan Liu
|
Pitching: RHP Luis Cortéz
|
|
Batting: RHB Jesús Hernández
|
0-0: Ball 1-0: Ball 2-0: SINGLE (Flyball, 78S)
|
Batting: LHB Juan Jose Rojas
|
0-0: Called Strike 0-1: Ball 1-1: Swinging Strike 1-2: SINGLE (Flyball, 7S) Jesús Hernández to second
|
Batting: RHB Dan Tyler
|
0-0: Ball 1-0: Called Strike 1-1: Ball 2-1: Foul Ball, location: 2F 2-2: Strikes out looking
|
Batting: LHB Stan Bates
|
0-0: Called Strike 0-1: Called Strike 0-2: Ball 1-2: Ball 2-2: Strikes out swinging
|
Batting: RHB Alfredo Hernández
|
0-0: Foul Ball, location: 2F 0-1: Ball 1-1: Foul Ball, location: 2F 1-2: Ball 2-2: Foul Ball, location: 2F 2-2: Ball 3-2: Strikes out swinging
|
Bottom of the 9th over - 0 run(s), 2 hit(s), 0 error(s), 2 left on base; Springfield 13 - St Charles 6 |
|